 Dungeon Crawl Stone Soup version 0.30-a0-297-g0ec75d9ef4 (webtiles) character file.

Game seed: 14858663661261263426

520 ytrimaz the Stinger (level 6, -5/48 HPs)
             Began as a Demigod Transmuter on Oct 18, 2022.
             Killed by divine providence
             ... invoked by an orc priest
              (13 damage)
             ... on level 5 of the Dungeon.
             The game lasted 00:06:36 (4107 turns).

ytrimaz the Stinger (Demigod Transmuter)            Turns: 4107, Time: 00:06:37

Health: -5/48      AC:  6    Str: 11    XL:     6   Next: 69%
Magic:  10/11      EV: 12    Int: 23    God:
Gold:   267        SH:  0    Dex: 14    Spells: 2/8 levels left

rFire   . . .      SeeInvis .      - Unarmed
rCold   . . .      Faith    .    (no shield)
rNeg    . . .      Spirit   .    a - +0 robe
rPois   .          Reflect  .    (no helmet)
rElec   .          Harm     .    j - +2 cloak
rCorr   .          Rampage  .    f - +0 pair of gloves
Will    .....                    (no boots)
Stlth   +.........               (no amulet)
HPRegen 0.28/turn                (no ring)
MPRegen 0.12/turn                (no ring)

@: confused, hasted, very quick
A: high MP 1, forlorn, divine attributes
a: no special abilities


You were on level 5 of the Dungeon.
You visited 2 branches of the dungeon, and saw 6 of its levels.

You collected 267 gold pieces.


Innate Abilities, Weirdness & Mutations

You have an increased reservoir of magic. (+10% MP)
You shall have no god before yourself.
Your divine heritage dramatically boosts your attributes as you level up.


   Skills:
 + Level 2.2 Fighting
 - Level 1.7 Dodging
 - Level 2.6 Unarmed Combat
 - Level 1.7 Spellcasting
 + Level 2.7 Transmutations
 - Level 0.1 Fire Magic
 - Level 4.0 Ice Magic
 - Level 4.0 Poison Magic


You had 2 spell levels left.
You knew the following spells:

 Your Spells              Type           Power      Damage    Failure   Level
a - Beastly Appendage     Tmut           28%        N/A       4%          1
b - Wereblood             Tmut           14%        N/A       6%          2
c - Spider Form           Tmut/Pois      17%        N/A       10%         3

Your spell library contained the following spells:

 Spells                   Type           Power      Damage    Failure   Level
 Ensorcelled Hibernation  Hex/Ice        22%        N/A       9%          2
 Passwall                 Tmut/Erth      6%         N/A       12%         2
 Ozocubu's Armour         Ice            20%        N/A       8%          3
 Ice Form                 Ice/Tmut       17%        N/A       32%         4
 Gell's Gravitas          Tloc           2%         N/A       36%         3
 Swiftness                Air            2%         N/A       36%         3
 Teleport Other           Tloc           2%         N/A       36%         3
 Metabolic Englaciation   Hex/Ice        5%         N/A       85%         5
 Dispersal                Tloc           1%         N/A       100%        6
 Simulacrum               Ice/Necr       5%         N/A       100%        6

Inventory:

Armour
 a - a +0 robe (worn)
 f - a +0 pair of gloves (worn)
   (You found it on level 3 of the Dungeon)
 j - a +2 cloak (worn)
   (You found it on level 4 of the Dungeon)
Wands
 c - a wand of charming (6)
   (You found it on level 3 of the Dungeon)
Scrolls
 b - 3 scrolls of noise
 e - a scroll of enchant armour
 h - a scroll of magic mapping
 i - 3 scrolls of identify

Dungeon Overview and Level Annotations

Branches:
Dungeon (5/15) Zot: 25968  Temple (1/1) D:4 Zot: 5946

Shops:
D:2

? #### #..# #
#..# #. #..#
#.##..####
###.....@..#
......WS##.#
##......##.# #.
#.###..##'###.. #
#.oo......#
#.o......######
#....o........#.#
#....o........#.#
#.............#.#


You could see a phantom, an orc priest, an adder and an orc.


Message History

You see here a +0 falchion.
Key pressed, stopping explore.
Unknown command. 😎 HP[-6] MP[+4]
You now have 48 max hp (-24).
Your mp is fully restored (11).
An orc comes into view. It is wielding a +0 dagger.
Unknown command.
An orc is nearby!
An orc is nearby!
Casting: Wereblood (safe; 6% risk of failure)
Confirm with . or Enter, or press ? or * to list all spells.
You miscast Spider Form.
You are very lightly contaminated with residual magic.
Nothing appears to happen.
The orc shouts!
You hear a shout!
A phantom comes into view. 😎 MP[-3]
You lost 3 mp, and now have 8/11 mp.
An orc wizard, an orc priest and 2 orcs come into view.
The orc wizard shouts!
The orc shouts!
The orc priest shouts!
The orc shouts!
The orc wizard gestures at you while chanting.
You are confused.
Found a stone staircase leading down.
The orc hits you with a +0 dagger.
An adder comes into view.
Unknown command. 😕 HP[-2]
You take 2 damage, and now have 46/48 hp.
The adder hisses angrily.
The orc wizard casts a spell at you. The magic dart hits you. 😕 HP[-3]
You take 3 damage, and now have 43/48 hp.
Unknown command.
Unknown command.
The orc attacks as you move away! The orc closely misses you.
The orc barely misses you. The orc wizard barely misses you.
The orc hits you but does no damage. The phantom misses you.
The orc priest hits you but does no damage.
Unknown command.
You hit the orc priest but do no damage.
The orc barely misses you. The orc hits you but does no damage.
The phantom closely misses you.
The orc wizard hits you but does no damage.
The orc hits you but does no damage. The orc priest barely misses you.
Unknown command.
You barely miss the orc. Your punch misses the orc. The orc misses you.
The orc barely misses you.
The orc wizard hits you with a +0 dagger.
The orc closely misses you. The phantom closely misses you.
The orc priest hits you with a +0 flail.
The adder bites you. 😮 HP[-7]
You take 7 damage, and now have 36/48 hp.
Unknown command.
You are too confused!
Unknown command.
The orc wizard attacks as you move away!
The orc wizard closely misses you.
You feel less confused. The phantom hits you.
The phantom blinks!
You blink. 😮 HP[-3] MP[+1]
You take 3 damage, and now have 33/48 hp.
Okay, then.
Okay, then.
You feel yourself speed up. The orc barely misses you. The phantom hits you.
The phantom blinks!
You blink.
Your magical contamination has completely faded away. 😮 HP[-1]
You take 1 damage, and now have 32/48 hp.
Unknown command.
Casting: Spider Form (dangerous; 10% risk of failure)
Confirm with . or Enter, or press ? or * to list all spells.
You don't know that spell.
Unknown command.
The orc priest invokes the aid of Beogh against you.
Beogh smites you!
* * * LOW HITPOINT WARNING * * *
😨 HP[-14]
You take 14 damage, and now have 18/48 hp.
MASSIVE DAMAGE!! (PAUSE)
The orc wizard gestures at you while chanting.
You are confused. 😨 HP[+1] Unknown command.
Unknown command. 😨 MP[+1]
You bump into the rock wall.
The adder closely misses you.
The orc priest mumbles some strange prayers to Beogh against you.
Beogh smites you!
* * * LOW HITPOINT WARNING * * *
Unknown command. 😱 HP[-11]
You take 11 damage, and now have 8/48 hp.
MASSIVE DAMAGE!! (PAUSE)
You bump into the rock wall.
The adder closely misses you.
The orc priest invokes the aid of Beogh against you.
Beogh smites you!
You die...

Skill      XL: |  1  2  3  4  5  6 |
---------------+-------------------+-----
Poison Magic   | 1 2 3 4 |  4.0
Ice Magic      | 2 3 4 |  4.0
Fighting       | 1 2 |  2.2
Transmutations | 2 |  2.7
Dodging        | |  1.7
Unarmed Combat | |  2.6
Spellcasting   | |  1.7
Fire Magic     | |  0.1

Action                   |  1- 3 |  4- 6 || total
-------------------------+-------+-------++-------
Melee: Unarmed           |   117 |   165 ||   282
       Kick              |    24 |    18 ||    42
       Headbutt          |    14 |     6 ||    20
       Punch             |     2 |     2 ||     4
 Cast: Beastly Appendage |    26 |    12 ||    38
       Wereblood         |     1 |     4 ||     5
       Spider Form       |       |    14 ||    14
  Use: Potion            |     1 |     6 ||     7
       Scroll            |     4 |     1 ||     5
 Stab: Sleeping          |     1 |     2 ||     3
Armor: Skin              |    10 |     3 ||    13
       Robe              |    25 |    22 ||    47
Dodge: Dodged            |    79 |   172 ||   251

Levels and vault maps discovered:
D:1:      mrwooster_arrival_statue_2, layout_basic
D:2:      layout_loops_corners, serial_shops, shop_scrolls, st_stairs_13
D:3:      layout_rooms, bloody_makhleb, xom_confusion_cloud, zin_statuary,
          shapermc_ecumenical_altar_venn, minmay_misc_feat_nine_boxes,
          uniq_natasha
D:4:      layout_loops_ring, mainiacjoe_overflow_tiny_flanked,
          minmay_temple_entry_offerings
D:5:      layout_basic, tgw_sif, uniq_menkaure
Temple:   hellmonk_temple_of_storms

Notes
Turn   | Place    | Note
-------+----------+-------------------------------------------
     0 | D:1      | ytrimaz the Demigod Transmuter began the quest for the Orb.
     0 | D:1      | Reached XP level 1. HP: 15/15 MP: 5/5
     0 | D:1      | magus.rc [v1.9.6]
    52 | D:1      | HP: 2/15 [kobold/+0 whip (3)]
    59 | D:1      | HP: 1/22 [hobgoblin (4)]
   182 | D:1      | Reached skill level 1 in Poison Magic
   194 | D:1      | Reached XP level 2. HP: 16/22 MP: 5/7
   233 | D:1      | You pick up a book of Winter and begin reading...
   233 | D:1      | You add the spells Ozocubu's Armour, Metabolic Englaciation
                  | and Simulacrum to your library.
   358 | D:1      | Learned a level 2 spell: Wereblood
   420 | D:1      | Reached skill level 2 in Poison Magic
   798 | D:2      | Reached XP level 3. HP: 18/27 MP: 5/8
  1092 | D:2      | Reached skill level 3 in Poison Magic
  1159 | D:2      | Found Qoanomut's Magic Scroll Shoppe.
  1664 | D:2      | Reached XP level 4. HP: 22/34 MP: 6/9
  1745 | D:2      | Learned a level 3 spell: Spider Form
  1916 | D:3      | Noticed a phantom
  1933 | D:3      | HP: 8/34 [phantom (5)]
  1936 | D:3      | HP: 3/34 [phantom (5)]
  1938 | D:3      | Killed a phantom
  1939 | D:3      | Reached skill level 2 in Ice Magic
  1939 | D:3      | Reached skill level 4 in Poison Magic
  1939 | D:3      | Reached XP level 5. HP: 11/39 MP: 7/10
  2044 | D:3      | You pick up a book of Burglary and begin reading...
  2044 | D:3      | You add the spells Passwall, Ensorcelled Hibernation and
                  | Swiftness to your library.
  2220 | D:3      | HP: 7/39 [quokka (4)]
  2509 | D:3      | Noticed Natasha
  2519 | D:3      | Killed Natasha
  2589 | D:3      | Noticed Natasha
  2599 | D:3      | Killed Natasha
  2600 | D:3      | Reached skill level 3 in Ice Magic
  3125 | D:4      | Found a staircase to the Ecumenical Temple.
  3142 | Temple   | Entered the Ecumenical Temple
  3465 | D:4      | Reached skill level 1 in Fighting
  3465 | D:4      | Reached XP level 6. HP: 39/47 MP: 7/11
  3674 | D:4      | You add the spells Gell's Gravitas, Teleport Other and
                  | Dispersal to your library.
  3838 | D:5      | Entered Level 5 of the Dungeon
  3847 | D:5      | Reached skill level 2 in Transmutations
  3847 | D:5      | Reached skill level 4 in Ice Magic
  3996 | D:5      | Noticed Menkaure
  4010 | D:5      | Killed Menkaure
  4011 | D:5      | Reached skill level 2 in Fighting
  4106 | D:5      | HP: 8/48 [orc priest/divine providence (12)]
  4107 | D:5      | Killed from afar by an orc priest

Vanquished Creatures
  Menkaure (D:5)
  A phantom (D:3)
  A jelly (D:5)
  An orc priest (D:2)
  2 iguanas (D:4)
  Natasha (twice) (D:3)
  6 adders
  2 worms
  2 dart slugs
  4 orcs
  7 bats
  7 endoplasms
  9 giant cockroaches
  9 goblins
  8 hobgoblins
  6 jackals
  5 quokkas
  5 ball pythons
  6 frilled lizards
  7 kobolds
  4 rats
95 creatures vanquished.

Vanquished Creatures (collateral kills)
  An ufetubus (D:4)
1 creature vanquished.

Vanquished Creatures (others)
  An orc (D:3)
  2 hobgoblins (D:3)
  A frilled lizard (D:3)
4 creatures vanquished.

Grand Total: 100 creatures vanquished

Table legend:
 A = Non-vault XP
 B = Vault XP
 C = Vault XP percentage of total XP
 D = Non-vault monster count
 E = Vault monster count
 F = Vault count percentage of total count
                 A         B        C        D         E       F
            +---------+---------+-------+---------+---------+-------
      Total |     401 |     343 |  46.1 |      87 |       9 |   9.4
            +---------+---------+-------+---------+---------+-------
        D:1 |      46 |       0 |   0.0 |      27 |       0 |   0.0
        D:2 |      90 |      13 |  12.6 |      20 |       1 |   4.8
        D:3 |      64 |     158 |  71.2 |      18 |       7 |  28.0
        D:4 |     153 |       0 |   0.0 |      20 |       0 |   0.0
        D:5 |      48 |     172 |  78.2 |       2 |       1 |  33.3
            +---------+---------+-------+---------+---------+-------

Illustrated notes

Table legend:
 A = Kills in this place as a percentage of kills in entire the game.
 B = Kills by you in this place as a percentage of kills by you in the entire game.
 C = Kills by friends in this place as a percentage of kills by friends in the entire game.
 D = Other kills in this place as a percentage of other kills in the entire game.
 E = Experience gained in this place as a percentage of experience gained in the entire game.
 F = Experience gained in this place divided by the number of levels of this place that you have seen.
                   A       B       C       D       E      F
               +-------+-------+-------+-------+-------+----------------------
         Total | 100.0 | 100.0 | 100.0 |   N/A | 100.0 | 124.0
       Dungeon | 100.0 | 100.0 | 100.0 |   N/A | 100.0 | 148.8
               +-------+-------+-------+-------+-------+----------------------

Table legend: (Time is in decaauts)
 A = Elapsed time spent in this place.
 B = Non-inter-level travel time spent in this place.
 C = Inter-level travel time spent in this place.
 D = Time resting spent in this place.
 E = Time spent auto-exploring this place.
 F = Levels seen in this place.
 G = Mean time per level.
                   A        B        C        D        E       F      G
               +--------+--------+--------+--------+--------+-----+--------+
         Total |   4084 |   3936 |    148 |    217 |   2916 |   6 |  680.7 |
       Dungeon |   4031 |   3899 |    132 |    217 |   2888 |   5 |  806.2 |
        Temple |     53 |     37 |     16 |      0 |     28 |   1 |   53.0 |
               +--------+--------+--------+--------+--------+-----+--------+

Top non-repeatable levels by time:
     D:2: 1357 daAuts
     D:3: 862 daAuts
     D:4: 796 daAuts
     D:1: 751 daAuts
     D:5: 263 daAuts
  Temple: 53 daAuts
